 Dungeon Crawl Stone Soup version 0.31-a0-1549-g5ff9445e89 (webtiles) character file.

Game seed: 7459225200623775496

193 grandjackal the Magician (level 5, -2/28 HPs)
             Began as a Deep Elf Earth Elementalist on Jan 2, 2024.
             Asphyxiated
             ... on level 3 of the Dungeon.
             The game lasted 00:03:30 (2489 turns).

grandjackal the Magician (DEEE)                     Turns: 2489, Time: 00:03:30

Health: -2/28      AC:  2    Str:  5    XL:     5   Next: 43%
Magic:  12/14      EV: 12    Int: 22    God:
Gold:   96         SH:  0    Dex: 15    Spells: 3/14 levels left

rFire   . . .        l - +2 dagger (venom)
rCold   . . .        (no shield)
rNeg    . . .        a - +0 robe
rPois   .            (no helmet)
rElec   .            (no cloak)
rCorr   .            (no gloves)
SInv    .            (no boots)
Will    .....        (no amulet)
Stlth   ++           (no ring)
HPRegen 0.24/turn    (no ring)
MPRegen 0.14/turn

%: no passive effects
@: lethally poisoned (-2 -> -17)
A: no striking features
a: no special abilities


You were on level 3 of the Dungeon.
You visited 1 branch of the dungeon, and saw 4 of its levels.

You collected 96 gold pieces.

Inventory:

Hand Weapons
 e - a +0 short sword
 l - a +2 dagger of venom (weapon)
Armour
 a - a +0 robe (worn)
Jewellery
 k - a ring of fire
Scrolls
 d - 2 scrolls of torment {unknown}
 f - 3 scrolls of revelation {unknown}
 g - 2 scrolls of summoning {unknown}
 i - 2 scrolls of identify {unknown}
 n - a scroll of fog {unknown}
Potions
 b - 2 potions of magic
 c - 4 potions of lignification {unknown}
 h - a potion of might {unknown}
 j - a potion of cancellation {unknown}
 m - a potion of curing {unknown}


   Skills:
 - Level 2.4 Dodging
 - Level 2.4 Stealth
 + Level 5.1 Spellcasting
 + Level 3.4 Conjurations
 + Level 4.7 Earth Magic


You had 3 spell levels left.
You knew the following spells:

 Your Spells              Type           Power      Damage    Failure   Level
a - Sandblast             Erth           52%        2d12      1%          1
b - Passwall              Erth           26%        N/A       4%          3
c - Stone Arrow           Conj/Erth      46%        3d9       5%          3
d - Brom's Barrelling Bo  Conj/Erth      23%        2d4       19%         4

Your spell library contained the following spells:

 Spells                   Type           Power      Damage    Failure   Level
 Shock                    Conj/Air       52%        1d6       4%          1
 Swiftness                Air            5%         N/A       30%         3
 Petrify                  Alch/Erth      16%        N/A       36%         4
 Iskenderun's Battlesphe  Conj           20%        2d7       56%         5
 Airstrike                Air            2%         2d(1-17)  69%         4
 Fireball                 Conj/Fire      6%         3d5       80%         5
 Conjure Ball Lightning   Conj/Air       6%         3x3d6     100%        6
 Orb of Destruction       Conj           10%        9d6       100%        7


Dungeon Overview and Level Annotations

Branches:
Dungeon (4/15)
 Temple: D:4-7

Altars:
Elyvilon

Shops:
D:3 [

Annotations:
D:3 1 runed translucent door, Crazy Yiuf


Message History

Casting: Sandblast (safe; 1% risk of failure)
Confirm with . or Enter, or press ? or * to list all spells.
Aiming: Sandblast (safe; 1% risk of failure)
Press: ? - help, Shift-Dir - straight line, f/p - orc
Aim: an orc, wielding a +0 trident and wearing a +0 scale mail (85% to hit)
The blast of sand hits the adder.
You kill the adder!
You feel very sick.
The orc hits you from afar with a +0 trident!
* * * LOW HITPOINT WARNING * * *
Casting: Sandblast (safe; 1% risk of failure)
Confirm with . or Enter, or press ? or * to list all spells.
Aiming: Sandblast (safe; 1% risk of failure)
Press: ? - help, Shift-Dir - straight line, f/p - orc
Aim: an orc, wielding a +0 trident and wearing a +0 scale mail (85% to hit)
The blast of sand hits the orc!
You kill the orc!
* * * LOW HITPOINT WARNING * * *
You feel sick.
You start resting.
* * * LOW HITPOINT WARNING * * *
You feel sick.
You start resting.
* * * LOW HITPOINT WARNING * * *
You feel sick.
You start resting.
* * * LOW HITPOINT WARNING * * *
You feel sick.
You start resting.
* * * LOW HITPOINT WARNING * * *
You feel sick.
You are no longer poisoned.
You start resting.
A kobold brigand is nearby!
The kobold brigand shouts!
The kobold brigand throws a curare-tipped dart.
The curare-tipped dart hits you.
You are lethally poisoned!
You have difficulty breathing.
You die...

..>.... ... ... ... .. ..
#####.) .. ... #.....# .#
..###### #..... .# # ......#
#...)####.#..#.####.##.##
#....)..@....... ........
#....#####....#####.#....
#K...# #...............
~.##....#####....####.......
~~...........##.............#.
~~###.#..###.##.......#.).###.
#.#>.........#.#..†....... #
##.#.###..#.##..#.######).. #
# ..#.........⌠.⌠..)).....##


You could see a kobold brigand.

Vanquished Creatures
  An orc priest (D:2)
  Jessica (D:2)
  An orc wizard (D:1)
  4 adders
  3 dart slugs
  5 orcs
  6 endoplasms
  2 giant cockroaches
  5 goblins
  3 hobgoblins
  4 jackals (D:1)
  9 kobolds
  2 quokkas (D:1)
  5 ball pythons
  7 bats
  3 frilled lizards
  4 rats
65 creatures vanquished.

Notes
Turn   | Place    | Note
-------+----------+-------------------------------------------
     0 | D:1      | grandjackal the Deep Elf Earth Elementalist began the quest
                  | for the Orb.
     0 | D:1      | Reached XP level 1. HP: 10/10 MP: 6/6
   235 | D:1      | Reached XP level 2. HP: 15/15 MP: 6/8
   604 | D:1      | Reached XP level 3. HP: 14/19 MP: 5/10
  1245 | D:1      | Learned a level 3 spell: Passwall
  1249 | D:1      | Learned a level 3 spell: Stone Arrow
  1306 | D:1      | Reached skill level 4 in Spellcasting
  1481 | D:2      | Reached XP level 4. HP: 24/24 MP: 12/12
  1572 | D:2      | Found a white marble altar of Elyvilon.
  1572 | D:2      | Noticed Jessica
  1576 | D:2      | Killed Jessica
  1610 | D:2      | You fall into a shaft and drop 2 floors!
  1654 | D:3      | Noticed a kobold brigand
  1764 | D:2      | Reached XP level 5. HP: 28/28 MP: 5/14
  1919 | D:2      | Reached skill level 5 in Spellcasting
  2188 | D:2      | Learned a level 4 spell: Brom's Barrelling Boulder
  2265 | D:3      | Found a runed translucent door.
  2266 | D:3      | Noticed Crazy Yiuf
  2354 | D:3      | Found Ymaki's Armour Boutique.
  2469 | D:3      | HP: 1/28 [poisoned by an adder]
  2489 | D:3      | Asphyxiated

Illustrated notes

Levels and vault maps discovered:
D:1:      evilmike_arrival_plus, layout_basic
D:2:      layout_loops_cross, basic_altar, uniq_jessica
D:3:      cheibrodos_thug_alley, layout_basic, nicolae_dithmenos_shadow_blocks,
          mainiacjoe_overflow_24_doors, serial_shops, shop_fountains,
          uniq_crazy_yiuf_cottage
D:4:      layout_loops_ring

Skill      XL: |  1  2  3  4  5 |
---------------+----------------+-----
Conjurations   | 2 3 |  3.4
Spellcasting   | 4 5 |  5.1
Earth Magic    | 4 |  4.7
Dodging        | |  2.4
Stealth        | |  2.4

Action                     |  1- 3 |  4- 6 || total
---------------------------+-------+-------++-------
  Melee: Short sword       |    29 |     7 ||    36
         Unarmed           |    14 |       ||    14
         Dagger            |       |    12 ||    12
   Cast: Sandblast         |    36 |    30 ||    66
   Stab: Sleeping          |     3 |     3 ||     6
 Armour: Robe              |    31 |    14 ||    45
  Dodge: Dodged            |    35 |    21 ||    56

Table legend: (Time is in decaauts)
 A = Elapsed time spent in this place.
 B = Non-inter-level travel time spent in this place.
 C = Inter-level travel time spent in this place.
 D = Time resting spent in this place.
 E = Time spent auto-exploring this place.
 F = Levels seen in this place.
 G = Mean time per level.
                   A        B        C        D        E       F      G
               +--------+--------+--------+--------+--------+-----+--------+
         Total |   2521 |   2383 |    138 |    297 |   1656 |   4 |  630.2 |
       Dungeon |   2521 |   2383 |    138 |    297 |   1656 |   4 |  630.2 |
               +--------+--------+--------+--------+--------+-----+--------+

Top non-repeatable levels by time:
     D:1: 1436 daAuts
     D:2: 758 daAuts
     D:3: 298 daAuts
     D:4: 29 daAuts
